AoeStats
← KootH.

Arabia

505138846Analyzed
4v4 RM · 25d ago on Sep 8, 2026· 22m 43s· 8 players
Game mode
Random Map
Map size
Large (8 player)
Population
200
Speed
Normal
Resources
Standard
Victory
Conquest
Starting age
Dark Age
Ending age
Imperial Age
RankedLock teamsTeams togetherTeam positionsShared explorationLock speedFull tech treeHidden civsTurbo modeCheats
Victory
Defeat
🇧🇷 Sicilians · Brazil
1524
+14
🇵🇪 Tupi · Peru
1382
+20
🇨🇱 Lithuanians · Chile
1375
+20
🇲🇽 Slavs · Mexico
1370
+20
🇨🇴 Persians · Colombia
1497
-20
🇻🇳 Mongols · Vietnam
1466
-18
🇲🇽 Maya · Mexico
1463
-18
🇨🇳 Magyars · China
1462
-18
BenOFF
0:27 Loom
10:07 Feudal Age
14:52 Fletching
18:11 Double-Bit Axe
18:58 Padded Archer Armor
21:46 Horse Collar
2468899547
6:23 Loom
8:57 Feudal Age
10:30 Double-Bit Axe
11:14 Horse Collar
KootH.
5:36 Loom
8:09 Feudal Age
8:34 Double-Bit Axe
15:15 Forging
14:48 Horse Collar
18:33 Wheelbarrow
22:10 Castle Age
21:40 Scale Barding Armor
21:47 Bloodlines
22:37 Husbandry
This is Kawaii
7:40 Feudal Age
6:32 Loom
8:40 Double-Bit Axe
PoopMaster
5:05 Loom
c7
6:59 Loom
9:47 Feudal Age
15:09 Castle Age
14:21 Double-Bit Axe
17:15 Scale Barding Armor
17:21 Forging
20:39 Bow Saw
MZTK | Dragneel
4:55 Loom
9:22 Feudal Age
10:35 Double-Bit Axe
18:13 Horse Collar
22:56 Castle Age
22:45 Bloodlines
J10KQ
7:26 Loom
10:08 Feudal Age
18:25 Fletching
21:21 Padded Archer Armor
24:14 Castle Age
Connection lost

Rejoining the realm…

Still unreachable

The connection could not be restored.

Session expired

The server has moved on; the page needs a fresh start.